 Dungeon Crawl Stone Soup version 0.29.1-15-g9cfb28693d (webtiles) character file.

Game seed: 17392197286302716409

194889 LLlMATKO the Warrior (level 17, -10/252 HPs)
             Began as a Minotaur Berserker on Apr 22, 2023.
             Was a High Priest of Trog.
             Killed from afar by a fire giant (47 damage)
             ... with a bolt of fire
             ... on level 1 of the Vaults.
             The game lasted 00:52:57 (41163 turns).

LLlMATKO the Warrior (Minotaur Berserker)          Turns: 41163, Time: 00:52:58

Health: -10/252    AC: 28    Str: 27    XL:     17   Next: 69%
Magic:  10/16      EV: 15    Int:  7    God:    Trog [*****.]
Gold:   3457       SH: 11    Dex: 13    Spells: 16/16 levels left

rFire   . . .      SeeInvis .   s - +10 hammer of Subterfuge {spect, rPois Int+3}
rCold   . . .      Faith    .   H - +0 buckler
rNeg    . . .      Spirit   .   q - +0 plate armour {Will+}
rPois   +          Reflect  +   O - +2 hat {Stlth+}
rElec   .          Harm     .   b - +0 cloak
rCorr   .          Rampage  .   P - +1 pair of gloves {infuse}
Will    +++..                   d - +1 pair of boots
Stlth   ..........              n - amulet of reflection
HPRegen 0.52/turn               p - ring of willpower
MPRegen 0.15/turn               j - ring of flight

@: berserking, flying, very quick
A: horns 2, retaliatory headbutt
}: 1/15 runes: decaying
a: Renounce Religion, Berserk, Trog's Hand, Brothers in Arms


You were on level 1 of the Vaults.
You worshipped Trog.
Trog was extremely pleased with you.
You visited 5 branches of the dungeon, and saw 27 of its levels.
You visited the Abyss 1 time.

You collected 3719 gold pieces.
You spent 262 gold pieces at shops.

Inventory:

Hand Weapons
 s - the +10 hammer of Subterfuge (weapon) {spect, rPois Int+3}
   (You found it on level 2 of the Dungeon)

   When its wielder attacks, the weapon's spirit leaps out and strikes again.
   The spirit shares a part of any damage it takes with its wielder.
   Int:       It affects your intelligence (+3).
   rPois:     It protects you from poison.
 y - a +5 spectral scythe
Missiles
 g - 2 throwing nets
 r - 52 poisoned darts (quivered)
 z - 6 atropa-tipped darts
 D - 30 boomerangs
 M - 2 curare-tipped darts
 V - 5 silver javelins
Armour
 b - a +0 cloak (worn)
 d - a +1 pair of boots (worn)
 q - a +0 plate armour of willpower (worn)
 x - a +0 ring mail of willpower
 H - a +0 buckler (worn)
 O - a +2 hat of stealth (worn)
 P - a +1 pair of gloves of infusion (worn)
Jewellery
 j - a ring of flight (right hand)
 l - a +6 ring of dexterity
 m - a +6 ring of dexterity
 n - an amulet of reflection (around neck)
 p - a ring of willpower (left hand)
 S - a ring of see invisible
Wands
 t - a wand of polymorph (6)
 v - a wand of mindburst (2)
 B - a wand of acid (27)
 G - a wand of flame (18)
 J - a wand of charming (21)
 T - a wand of iceblast (25)
Scrolls
 f - 2 scrolls of immolation
 h - 16 scrolls of identify
 i - 2 scrolls of enchant weapon
 k - 3 scrolls of enchant armour
 o - 4 scrolls of torment
 u - 9 scrolls of teleportation
 w - a scroll of blinking
 A - 3 scrolls of fear
 E - 4 scrolls of magic mapping
 F - 4 scrolls of noise
 I - a scroll of poison
 N - a scroll of butterflies
 Q - a scroll of acquirement
Potions
 a - 2 potions of cancellation
 c - a potion of invisibility
 e - 14 potions of curing
 C - 9 potions of flight
 K - 4 potions of resistance
 L - 8 potions of heal wounds
 U - 2 potions of haste


   Skills:
 + Level 19.2 Fighting
 - Level 4.5(13.0) Axes
 + Level 18.7(18.9) Maces & Flails
 + Level 19.1 Armour
 + Level 17.6 Dodging
 * Level 9.4 Shields


You had 16 spell levels left.
You didn't know any spells.
Your spell library was empty.

Dungeon Overview and Level Annotations

Branches:
Dungeon (15/15)            Temple (0/1) D:5            Lair (5/5) D:10
  Swamp (4/4) Lair:2        Snake (0/4) Lair:2        Slime (0/5) Lair:5
    Orc (2/2) D:12            Elf (0/3) Orc:2        Vaults (1/5) D:14
 Depths (0/4) D:15

Altars:
Ashenzari
Cheibriados
Nemelex Xobeh
Okawaru
Qazlal
Trog
Xom
Yredelemnul
Jiyva
Lugonu

Shops:
D:1 !   D:3 (   D:4 !   Orc:2 [**?   Vaults:1 *

Portals:
Abyss: Lair:5
Trove: D:13 (give +8 demon blade)

Annotations:
D:14 2 runed translucent doors, p0werm0de's ghost, journeyman MiFi
Vaults:1 1 transporter, Suyz's ghost, legendary DjCj


Innate Abilities, Weirdness & Mutations

You have a pair of horns on your head.
You reflexively headbutt those who attack you in melee.


Message History

The fire giant hits you with a +2 great mace of flaming!
The fire giant burns you.
A red film seems to cover your vision as you go berserk!
You feel yourself moving faster!
You feel mighty! You block the fire giant's attack.
The fire giant hits you with a +2 great mace of flaming!
The fire giant burns you.
The fire giant hits you but does no damage.
Unknown command.
You sock the fire giant!
The fire giant is moderately wounded.
You sock the fire giant!
The fire giant is heavily wounded.
You block the fire giant's attack.
The fire giant hits you with a +2 great mace of flaming.
The fire giant burns you. You block the fire giant's attack.
Unknown command.
You barely miss the fire giant. You headbutt the fire giant.
The fire giant is heavily wounded.
Unknown command.
You hit the fire giant. You headbutt the fire giant!
The fire giant is severely wounded.
The fire giant casts a spell at you. The bolt of fire hits you!!!
The fire giant casts a spell at you. The bolt of fire hits you!!
* * * LOW HITPOINT WARNING * * *
The fire giant hits you with a +0 great mace of flaming!!
* * * LOW HITPOINT WARNING * * *
The fire giant burns you.
* * * LOW HITPOINT WARNING * * *
You sock the fire giant!
The fire giant is lightly wounded.
Your +10 hammer of Subterfuge {spect, rPois Int+3} hits the fire giant!!
The vault sentinel blows a loud note on a signal horn!
Unknown command.
You swap places.
The fire giant points at you and mumbles some strange words.
The bolt of fire hits you!!!
You die...

.....# ... .....# ...
.....# .. .....#
##'##### .....#
#......#
###''###########......#
#............#......#
#............'......#
#............#@C....#
#............#CCC...#
#............#.C....#
#............#pCp...#
#............#......#
#............########
)........#


You could see a frost giant, 4 fire giants, an ettin, a vault sentinel (catching
breath) and an ironbound convoker (catching breath).

Vanquished Creatures
  the Lernaean hydra (Swamp:4)
  Rupert (D:14)
  Jorgrun (Orc:2)
  A tentacled monstrosity (Swamp:3)
  A sphinx (Vaults:1)
  Gastronok (D:8)
  2 tentacled starspawn (Abyss:2)
  A fenstrider witch (Swamp:2)
  An orc warlord (Orc:1)
  4 vault wardens (Vaults:1)
  2 ironbound preservers (Vaults:1)
  5 eleionomae
  4 bunyips
  4 dire elephants (Vaults:1)
  An eidolon (Abyss:2)
  The ghost of Ceckukk the Geomancer, a journeyman GrEE of Sif Muna (Lair:1)
  2 yaktaur captains (Vaults:1)
  2 great orbs of eyes (Vaults:1)
  Josephine (D:14)
  A shambling mangrove (Swamp:4)
  Erolcha (Orc:2)
  20 hydras
  3 boulder beetles
  3 vault guards
  A ghost crab (Swamp:1)
  A death knight (D:13)
  2 anacondas (Lair:5)
  8 centaur warriors (Vaults:1)
  A catoblepas (Lair:4)
  3 alligators
  4 death yaks
  3 two-headed ogres
  5 orc high priests (Orc:2)
  6 thrashing horrors
  A tengu warrior (D:13)
  Nergalle (Orc:1)
  A sun demon (Abyss:2)
  Amaemon (Lair:3)
  2 wretched stars (Abyss:2)
  10 deep trolls (Vaults:1)
  6 goliath frogs
  10 skeletal warriors
  2 spriggan druids (Swamp:3)
  A flayed ghost (D:15)
  3 wizards (D:14)
  11 bog bodies
  11 swamp dragons
  2 orc knights (Orc:2)
  3 ironbound convokers (Vaults:1)
  4 necromancers
  An orc sorcerer (D:15)
  A deep elf pyromancer (D:13)
  An oklob plant (Lair:4)
  A sphinx zombie (D:15)
  A worldbinder (Abyss:2)
  11 ugly things
  5 elephants
  A manticore (Lair:5)
  3 will-o-the-wisps
  An elephant (shapeshifter) (D:14)
  Joseph (D:10)
  4 cyclopes
  7 black mambas
  A water nymph (shapeshifter) (Lair:5)
  3 torpor snails (Lair:5)
  A gargoyle (D:11)
  3 vault sentinels (Vaults:1)
  11 cane toads
  An orange demon (Lair:3)
  5 rime drakes
  3 smoke demons (Lair:5)
  10 komodo dragons
  2 kobold demonologists (D:10)
  A freezing wraith (D:13)
  An unseen horror (D:7)
  14 yaktaurs
  A guardian mummy (D:15)
  2 ancient zymes
  2 tengu conjurers (D:15)
  5 trolls
  6 meliai
  A polar bear (shapeshifter) (D:14)
  6 hornets
  4 polar bears
  An ettin zombie (D:15)
  Grinder (D:6)
  8 tyrant leeches
  Prince Ribbit (D:7)
  34 blink frogs
  5 raiju (Abyss:2)
  A spriggan zombie (D:15)
  13 slime creatures
  4 flying skulls (Abyss:2)
  10 spriggans
  A vampire (D:13)
  Sigmund (D:4)
  35 yaks
  A shadow (D:7)
  6 wraiths
  9 wyverns
  3 steam dragons
  10 basilisks
  19 humans
  A water elemental (D:13)
  6 vampire mosquitoes
  3 chaos spawn
  A tengu zombie (D:15)
  A naga (Lair:2)
  6 large abominations
  2 wargs (Orc:2)
  13 swamp worms
  An acid dragon (D:9)
  Menkaure (D:6)
  16 water moccasins
  11 swamp drakes
  4 sky beasts
  3 black bears
  39 orc warriors
  13 starcursed masses (Abyss:2)
  4 boggarts (Vaults:1)
  7 ogres
  9 centaurs
  16 wolves
  2 phantoms
  6 kobold brigands
  15 bullfrogs
  A gnoll sergeant (D:8)
  2 necrophages
  7 scorpions
  8 small abominations
  A wight (D:7)
  17 killer bees
  An electric eel (D:13)
  2 howler monkeys
  A quasit (Abyss:2)
  6 hounds
  Crazy Yiuf (D:2)
  27 orc priests
  2 jellies
  Ijyb (D:4)
  4 iguanas
  19 orc wizards
  Robin (D:2)
  11 gnolls
  9 adders
  2 white imps
  An ufetubus (Abyss:2)
  A worm (D:3)
  3 dart slugs
  64 orcs
  7 ball pythons
  3 bats
  8 endoplasms
  2 giant cockroaches
  5 hobgoblins
  30 kobolds
  5 quokkas
  4 frilled lizards
  16 goblins
  8 rats
911 creatures vanquished.

Vanquished Creatures (collateral kills)
  An orc knight (D:15)
  An ugly thing (Lair:5)
  A hellwing (Abyss:2)
  A hornet (Swamp:4)
  2 blink frogs (Lair:5)
  A chaos spawn (Lair:5)
  A ynoxinul (Lair:5)
  A large abomination (Abyss:2)
  5 small abominations (Lair:5)
  An orc warrior (Orc:2)
  An orc (D:15)
16 creatures vanquished.

Vanquished Creatures (others)
  An alligator (Swamp:3)
  5 bloated husks
  A tyrant leech (Swamp:3)
  2 orc wizards
  An orc (D:15)
  14 foxfires
  24 fungi
  30 plants
  4 starspawn tentacles (Abyss:2)
82 creatures vanquished.

Grand Total: 1009 creatures vanquished

Notes
Turn   | Place    | Note
-------+----------+-------------------------------------------
     0 | D:1      | LLlMATKO the Minotaur Berserker began the quest for the
                  | Orb.
     0 | D:1      | Reached XP level 1. HP: 19/19 MP: 0/0
   240 | D:1      | Reached XP level 2. HP: 27/27 MP: 1/1
   326 | D:1      | Found a faded altar of an unknown god.
   532 | D:1      | Found Hahazxir's Distillery.
   877 | D:1      | Reached XP level 3. HP: 33/33 MP: 2/2
  1316 | D:2      | Reached ** piety under Trog
  1437 | D:2      | Found a basalt altar of Yredelemnul.
  1698 | D:2      | Found a runed translucent door.
  1699 | D:2      | Noticed Crazy Yiuf
  1717 | D:2      | Noticed Robin
  1731 | D:2      | Reached XP level 4. HP: 37/41 MP: 3/3
  1740 | D:2      | Killed Robin
  1981 | D:2      | Killed Crazy Yiuf
  1986 | D:2      | Identified the +10 hammer of Subterfuge {spect, rPois
                  | Int+3}
  2193 | D:3      | Found Gaoc's Antique Weapon Boutique.
  2243 | D:3      | Reached XP level 5. HP: 47/47 MP: 4/4
  2647 | D:4      | Reached skill level 1 in Maces & Flails
  2687 | D:4      | Noticed Sigmund
  2694 | D:4      | Killed Sigmund
  2695 | D:4      | Reached skill level 5 in Fighting
  2695 | D:4      | Reached XP level 6. HP: 53/56 MP: 5/5
  2785 | D:4      | Noticed Ijyb
  2796 | D:4      | Killed Ijyb
  2799 | D:4      | Reached *** piety under Trog
  3031 | D:4      | Found Xagryj's Distillery.
  3463 | D:5      | Entered Level 5 of the Dungeon
  3468 | D:5      | Reached skill level 5 in Armour
  3468 | D:5      | Reached XP level 7. HP: 62/62 MP: 6/6
  3490 | D:5      | Found a basalt altar of Yredelemnul.
  3491 | D:5      | Found an iron altar of Okawaru.
  3495 | D:5      | Found a bloodstained altar of Trog.
  3596 | D:5      | Found a staircase to the Ecumenical Temple.
  3684 | D:5      | Reached skill level 5 in Dodging
  4110 | D:6      | Noticed Grinder
  4116 | D:6      | Killed Grinder
  4117 | D:6      | Reached XP level 8. HP: 71/71 MP: 7/7
  4309 | D:6      | Reached skill level 5 in Maces & Flails
  4709 | D:6      | Noticed Menkaure
  4712 | D:6      | Killed Menkaure
  4843 | D:7      | Noticed Prince Ribbit
  4848 | D:7      | Killed Prince Ribbit
  4983 | D:7      | Reached XP level 9. HP: 80/81 MP: 8/8
  5390 | D:7      | Reached **** piety under Trog
  6105 | D:7      | Killed an unseen horror
  6335 | D:7      | Reached XP level 10. HP: 78/91 MP: 7/9
  6500 | D:8      | Noticed Gastronok
  6508 | D:8      | Killed Gastronok
  6628 | D:8      | Reached skill level 10 in Fighting
  6680 | D:8      | Reached ***** piety under Trog
  6828 | D:8      | Reached skill level 10 in Armour
  8611 | D:10     | Entered Level 10 of the Dungeon
  8673 | D:10     | Noticed Joseph
  8678 | D:10     | Reached XP level 11. HP: 98/101 MP: 10/10
  8686 | D:10     | Killed Joseph
  8822 | D:10     | Found a sparkling altar of Nemelex Xobeh.
  8823 | D:10     | Found a broken altar of Ashenzari.
  8824 | D:10     | Found a stormy altar of Qazlal.
  8825 | D:10     | Found a snail-covered altar of Cheibriados.
  8921 | D:10     | Reached skill level 10 in Maces & Flails
  9089 | D:10     | Found a staircase to the Lair.
  9099 | D:9      | Reached skill level 10 in Dodging
  9219 | D:10     | Found a shimmering altar of Xom.
  9479 | D:11     | Noticed a two-headed ogre
  9488 | D:11     | Killed a two-headed ogre
 10427 | D:12     | Noticed a two-headed ogre
 10443 | D:12     | Killed a two-headed ogre
 10443 | D:12     | Received a gift from Trog
 10511 | D:12     | Noticed a skeletal warrior
 10512 | D:12     | Noticed a skeletal warrior
 10512 | D:12     | Noticed a skeletal warrior
 10530 | D:11     | Killed a skeletal warrior
 10534 | D:11     | Killed a skeletal warrior
 10535 | D:11     | Reached XP level 12. HP: 81/113 MP: 6/11
 11004 | D:12     | Identified the +0 long sword of Sefosy {spect, *Slow rC+
                  | rCorr Int+3}
 11094 | D:12     | Found a sparkling altar of Nemelex Xobeh.
 11125 | D:12     | Noticed a boulder beetle
 11137 | D:12     | Killed a boulder beetle
 11398 | D:12     | Found a staircase to the Orcish Mines.
 12719 | D:13     | Noticed a tengu warrior
 12728 | D:13     | Killed a tengu warrior
 13753 | D:13     | Found a portal to a secret trove of treasure.
 13904 | Lair:1   | Entered Level 1 of the Lair of Beasts
 13904 | Lair:1   | Noticed a boulder beetle
 13912 | Lair:1   | Killed a boulder beetle
 14168 | Lair:1   | Noticed an eight-headed hydra
 14174 | Lair:1   | Killed an eight-headed hydra
 14626 | Lair:1   | Found a runed translucent door.
 14626 | Lair:1   | Noticed Ceckukk's ghost (journeyman GrEE)
 14640 | Lair:1   | Killed Ceckukk's ghost
 14641 | Lair:1   | Reached XP level 13. HP: 123/123 MP: 9/12
 14992 | Lair:2   | Found a staircase to the Snake Pit.
 15058 | Lair:2   | Found a staircase to the Swamp.
 16733 | Lair:3   | Received a gift from Trog
 17279 | Lair:3   | Noticed Amaemon
 17291 | Lair:3   | Killed Amaemon
 17825 | Lair:5   | Entered Level 5 of the Lair of Beasts
 17825 | Lair:5   | Found a staircase to the Slime Pits.
 17825 | Lair:5   | Found a viscous altar of Jiyva.
 18190 | Lair:4   | Reached skill level 15 in Fighting
 18435 | Lair:4   | Reached XP level 14. HP: 90/135 MP: 8/13
 18759 | Lair:4   | Reached skill level 15 in Armour
 20460 | Lair:5   | Identified the +4 mace of World Downfall {vorpal, +Blink
                  | rElec rF- Stlth+} (Trog gifted it to you on level 5 of the
                  | Lair of Beasts)
 20460 | Lair:5   | Received a gift from Trog
 20709 | Lair:5   | Identified the +2 hand axe "Orb Guardian's Peril" {flame,
                  | Int+4}
 21351 | Lair:5   | Reached skill level 15 in Maces & Flails
 21943 | Lair:5   | Received a gift from Trog
 22375 | Lair:5   | Found a corrupted altar of Lugonu.
 22375 | Lair:5   | Found a one-way gate to the infinite horrors of the Abyss.
 22694 | Orc:1    | Entered Level 1 of the Orcish Mines
 22694 | Orc:1    | Noticed Nergalle
 22709 | Orc:1    | Killed Nergalle
 23126 | Orc:1    | You fall into a shaft and drop 1 floor!
 23126 | Orc:2    | Entered Level 2 of the Orcish Mines
 23126 | Orc:2    | Noticed Erolcha
 23126 | Orc:2    | Found a staircase to the Elven Halls.
 23138 | Orc:2    | Killed Erolcha
 23485 | Orc:2    | Noticed Jorgrun
 23493 | Orc:2    | Reached XP level 15. HP: 111/145 MP: 14/14
 23499 | Orc:2    | Killed Jorgrun
 23500 | Orc:2    | Reached skill level 15 in Dodging
 24126 | Orc:2    | Noticed an orc warlord
 24231 | Orc:1    | Received a gift from Trog
 24246 | Orc:1    | Killed an orc warlord
 25444 | Orc:2    | Found Daowkukk's Assorted Antiques.
 25444 | Orc:2    | Found Saolykhlu's Armour Shop.
 25445 | Orc:2    | Found Unlueng's Magic Scroll Shop.
 25445 | Orc:2    | Found Becvucka's General Store.
 25452 | Orc:2    | Bought a cyan potion for 31 gold pieces
 26108 | Abyss:2  | Cast into level 2 of the Abyss (a wizard)
 26231 | Abyss:2  | Noticed a tentacled starspawn
 26244 | Abyss:2  | Killed a tentacled starspawn
 26529 | Abyss:2  | Noticed a tentacled starspawn
 26538 | Abyss:2  | Killed a tentacled starspawn
 26948 | D:14     | Escaped the Abyss
 27352 | D:14     | Found a runed translucent door.
 27356 | D:14     | Noticed a lich
 27415 | D:14     | Received a gift from Trog
 27415 | D:14     | Noticed Rupert
 27784 | D:14     | Noticed Josephine
 27798 | D:14     | Killed Josephine
 27865 | D:14     | Paralysed by Rupert for 3 turns
 27874 | D:14     | Killed Rupert
 28389 | D:14     | Found a runed translucent door.
 28393 | D:14     | Noticed p0werm0de's ghost (journeyman MiFi)
 29456 | D:14     | Reached XP level 16. HP: 120/156 MP: 15/15
 29563 | D:14     | Found a gate to the Vaults.
 29782 | D:15     | Entered Level 15 of the Dungeon
 30659 | D:15     | Found a staircase to the Depths.
 31274 | Swamp:1  | Entered Level 1 of the Swamp
 32588 | Swamp:2  | Paralysed by a fenstrider witch for 5 turns
 33872 | Swamp:3  | Reached skill level 1 in Shields
 34091 | Swamp:3  | Noticed a tentacled monstrosity
 34113 | Swamp:3  | Killed a tentacled monstrosity
 34847 | Swamp:3  | Identified the +1 robe "Zomydeto" {Str+3}
 35042 | Swamp:4  | Entered Level 4 of the Swamp
 35227 | Swamp:4  | Received a gift from Trog
 36049 | Swamp:3  | Reached skill level 5 in Shields
 36415 | Swamp:4  | Reached XP level 17. HP: 141/166 MP: 16/16
 37020 | Swamp:4  | Noticed the 27-headed Lernaean hydra
 37340 | Swamp:4  | Killed the 27-headed Lernaean hydra
 37514 | Swamp:4  | Got a decaying rune of Zot
 37865 | Orc:2    | Bought a +1 pair of gloves of infusion for 231 gold pieces
 38301 | Vaults:1 | Entered Level 1 of the Vaults
 38303 | Vaults:1 | Paralysed by a great orb of eyes for 5 turns
 38681 | Vaults:1 | Received a gift from Trog
 38863 | Vaults:1 | Found Ekich's Assorted Antiques.
 39555 | Vaults:1 | Identified a scroll of acquirement
 40274 | Vaults:1 | Identified the +8 spear of Koffugre {vorpal, Dex+4}
 40280 | Vaults:1 | Identified the +7 great mace of the Common Good {freeze,
                  | Int+6}
 40281 | Vaults:1 | Noticed Suyz's ghost (legendary DjCj)
 40282 | Vaults:1 | Found a transporter.
 40838 | Vaults:1 | Received a gift from Trog
 41163 | Vaults:1 | Killed from afar by a fire giant

Illustrated notes

Levels and vault maps discovered:
D:1:      minmay_arrival_shattered_statue, layout_basic,
          ebering_ecumenical_altar_box, serial_shops, shop
D:2:      layout_rooms, basic_altar, wad_floor_pattern_untrapped, uniq_robin,
          uniq_crazy_yiuf_cottage
D:3:      layout_basic, serial_shops, shop, st_stairs_1
D:4:      layout_loops_ring, nicolae_wooded_promenade, chequers_avenue,
          minmay_misc_feat_tiny, uniq_ijyb, uniq_sigmund
D:5:      layout_rooms, minitemple, minmay_temple_entry_waves,
          minmay_misc_feat_pillars
D:6:      layout_gridville, dreamdust_mushroom_princess, solitary_fountain,
          uniq_grinder, uniq_menkaure
D:7:      kennysheep_windowed_halls, layout_basic, corexii_leaking_fountain,
          fountainhead, uniq_prince_ribbit1
D:8:      layout_basic, hangedman_misty_isle, uniq_gastronok
D:9:      layout_grid_maze
D:10:     layout_rooms, mainiacjoe_overflow_24_doors,
          mainiacjoe_overflow_alcove_3, david_lair_generic, serial_glass,
          glass_columns_a, glass_columns_a, uniq_joseph
D:11:     layout_cave_pools
D:12:     layout_rooms, david_orc_4, nemelex_altar_shiori
D:13:     minmay_spotlight, layout_irregular_city, enter_trove_6,
          serial_bayou_lagoon_a
D:14:     layout_long_grid, grunt_vaults_entry_tiered,
          muffindrake_ghost_dual_entry, nrook_mini_vaults, uniq_rupert,
          uniq_josephine
D:15:     gammafunk_depths_entry_grave, layout_rooms, minivault_25
Lair:1:   layout_layer_cave, gammafunk_ghost_grave,
          chequers_serial_rivers_small_b, nzn_sisyphean_effort
Lair:2:   nzn_winding_woodlands_stair_cross
          [nzn_winding_woodlands_5x15_longhouse,
          nzn_winding_woodlands_center_garden, nzn_winding_woodlands_5x15_cabin,
          nzn_winding_woodlands_5x5_open_star,
          nzn_winding_woodlands_5x5_default,
          nzn_winding_woodlands_5x15_sawtooth,
          nzn_winding_woodlands_center_lodge, nzn_winding_woodlands_5x15_eye],
          layout_hall_layers, minmay_swamp_entry_reptiles,
          guppyfry_snake_entry_garden
Lair:3:   layout_chaotic_city, infiniplex_staircase_pool, lemuel_fruit_tree,
          lemuel_fruit_fields, uniq_amaemon
Lair:4:   beast_lair_carwin_large_3, layout_cave_pods
Lair:5:   hellmonk_lair_end_abyssal_woods, layout_small_grid, slime_entry_1,
          nicolae_lair_lakeside_cave
Swamp:1:  layout_basic_swamp, nicolae_swamp_very_dense_foliage
Swamp:2:  layout_basic_swamp, evilmike_swamp_ruin_rubble_1, swamp_pool1
Swamp:3:  nicolae_swamp_husk_halls, layout_falls_marsh,
          evilmike_swamp_ruin_house_1
Swamp:4:  grunt_swamp_rune_castle, layout_basic_swamp, swamp_pool1
Orc:1:    layout_caves, mines1_david, uniq_nergalle
Orc:2:    st_orc_pillars, layout_caves, uniq_erolcha, uniq_jorgrun
Vaults:1: gammafunk_ghost_smash, vaults_room_hallway,
          nicolae_vaults_yaktaur_gun_rack, nicolae_vaults_little_squares_6,
          nicolae_vaults_circle_grid_b, nicolae_vaults_back_hallway,
          nicolae_vaults_border_crossing, v_misc_1, v_pattern_2,
          hangedman_vaults_slice, vaults_room_ringed_pool,
          vaults_dpeg_emergency_exit, layout_vaults_maze_snakey, serial_shops,
          nicolae_shop_overgrown_old_shop

Skill      XL: |  1  2  3  4  5  6  7  8  9 10 11 12 13 14 15 16 17 |
---------------+----------------------------------------------------+-----
Fighting       | 4 5 6 7 9 10 12 13 15 16 17 18 19 | 19.2
Axes           | 4 |  4.5
Armour         | 3 4 5 6 7 9 10 12 13 14 16 17 18 19 | 19.1
Dodging        | 3 4 5 6 8 9 11 12 13 14 16 17 | 17.6
Maces & Flails | 2 3 4 6 8 9 11 12 14 15 17 18 | 18.7
Shields        | 6 9 |  9.4

Action                   |  1- 3 |  4- 6 |  7- 9 | 10-12 | 13-15 | 16-18 || total
-------------------------+-------+-------+-------+-------+-------+-------++-------
Melee: Hand axe          |    76 |    14 |       |       |       |       ||    90
       Headbutt          |     7 |     7 |    19 |    87 |   262 |   194 ||   576
       Punch             |     1 |     2 |     1 |     3 |    18 |     2 ||    27
       Mace              |       |    47 |   118 |   358 |  1005 |   666 ||  2194
Throw: Stone             |       |       |     2 |       |       |       ||     2
       Javelin           |       |       |       |     8 |     1 |     1 ||    10
       Boomerang         |       |       |       |       |     2 |       ||     2
       Throwing net      |       |       |       |       |     1 |     1 ||     2
       Dart              |       |       |       |       |    74 |    27 ||   101
Invok: Berserk           |     1 |     1 |       |    11 |    13 |     8 ||    34
       Trog's Hand       |       |       |       |       |     6 |     1 ||     7
       Brothers in Arms  |       |       |       |       |     4 |     1 ||     5
  Use: Scroll            |       |       |       |       |    26 |     4 ||    30
 Stab: Distracted        |       |       |     2 |     9 |    20 |    21 ||    52
       Sleeping          |       |       |     1 |       |       |       ||     1
Armor: Animal skin       |    11 |       |       |       |       |       ||    11
       Scale mail        |    13 |     4 |       |       |       |       ||    17
       Ring mail         |       |     8 |    23 |    52 |       |       ||    83
       Plate armour      |       |       |       |    23 |   378 |   363 ||   764
Dodge: Dodged            |    43 |    22 |    66 |   259 |   560 |   311 ||  1261
Block: Other             |       |       |       |       |    67 |    42 ||   109
       Reflection        |       |       |       |       |     1 |    22 ||    23
       Buckler           |       |       |       |       |       |   200 ||   200
